 Dungeon Crawl Stone Soup version 0.22-a0-162-g33bf127 (console) character file.

4008 Moorlo the Cruncher (level 10, -10/84 HPs)
             Began as a Formicid Fighter on Feb 12, 2018.
             Was a Follower of Okawaru.
             Mangled by a two-headed ogre
             ... wielding a +0 giant spiked club
              (28 damage)
             ... on level 8 of the Dungeon.
             The game lasted 00:28:56 (7536 turns).

Moorlo the Cruncher (Formicid Fighter)              Turns: 7536, Time: 00:28:57

Health: -10/84     AC: 13    Str: 24    XL:     10   Next: 47%
Magic:  10/10      EV:  5    Int:  8    God:    Okawaru [*.....]
Gold:   351        SH:  9    Dex: 10    Spells: 9/9 levels left

rFire    + . .     SeeInvis +   a - +0 quarterstaff
rCold    + . .     Gourm    .   c - +0 shield
rNeg     . . .     Faith    .   x - +0 plate armour
rPois    .         Spirit   .   (helmet unavailable)
rElec    .         Reflect  .   (no cloak)
rCorr    .         Harm     .   p - +1 pair of gloves
MR       +....                  (no boots)
Stlth    ..........             e - amulet of magic regeneration
HPRegen  0.24/turn              n - ring of protection from cold
MPRegen  0.37/turn              v - ring of protection from fire

@: no status effects
A: permanent stasis, dig shafts and tunnels, four strong arms, antennae 3
a: Dig, Shaft Self, Heroism, Renounce Religion


You were on level 8 of the Dungeon.
You worshipped Okawaru.
Okawaru was aware of your devotion.
You were not hungry.

You visited 2 branches of the dungeon, and saw 9 of its levels.
You also visited: Sewer.

You collected 351 gold pieces.

Inventory:

Hand Weapons
 a - a +0 quarterstaff (weapon)
 y - a +1 whip of electrocution
Armour
 b - a +0 scale mail
 c - a +0 shield (worn)
 p - a +1 pair of gloves (worn)
 x - a +0 plate armour (worn)
Magical Staves
 C - an uncursed staff of poison
Jewellery
 e - an amulet of magic regeneration (around neck)
 n - a ring of protection from cold (left hand)
 v - a ring of protection from fire (right hand)
Wands
 A - a wand of paralysis (9)
Scrolls
 d - 2 scrolls of enchant weapon {unknown}
 g - 2 scrolls of amnesia {unknown}
 o - 4 scrolls of remove curse
 r - 4 scrolls of fog {unknown}
 u - a scroll of fear
 z - a scroll of teleportation {unknown}
 D - a scroll of blinking {unknown}
Potions
 h - 2 potions of haste {unknown}
 i - 4 potions of curing {unknown}
 j - a potion of flight {unknown}
 k - 2 potions of agility {unknown}
 l - 2 potions of mutation
 q - a potion of ambrosia {unknown}
 s - a potion of cancellation
 t - a potion of brilliance {unknown}
 B - a potion of lignification {unknown}
 E - a potion of magic {unknown}
Books
 w - a book of Minor Magic

   Spells                             Type                      Level
   a - Magic Dart                     Conjuration                  1
   b - Blink                          Translocation                2
   c - Call Imp                       Summoning                    2
   d - Slow                           Hexes                        2
   e - Conjure Flame                  Conjuration/Fire             3
   f - Mephitic Cloud                 Conjuration/Poison/Air       3
Comestibles
 f - 9 rations
 F - 3 chunks of flesh


   Skills:
 + Level 9.7 Fighting
 * Level 11.8 Staves
 - Level 3.2 Armour
 - Level 3.6 Shields


You had 9 spell levels left.
You didn't know any spells.

Dungeon Overview and Level Annotations

Branches:
Dungeon (8/15)             Temple (1/1) D:7
   Lair: D:8-11

Altars:
Ashenzari
Cheibriados
Dithmenos
Elyvilon
Fedhas
Gozag
Hepliaklqana
Kikubaaqudgha
Makhleb
Nemelex Xobeh
Okawaru
Qazlal
Ru
Sif Muna
Trog
Uskayaw
Vehumet
Wu Jian
Xom
Yredelemnul
Zin
The Shining One

Shops:
D:5 }


Innate Abilities, Weirdness & Mutations

You cannot be hasted, slowed, berserked, paralysed or teleported.
You can dig through walls and to a lower floor.
Your four strong arms can wield two-handed weapons with a shield.
You have a pair of large antennae on your head. (SInv)


Message History

You feel much better.
You block the two-headed ogre's attack. x2
You hit the two-headed ogre.
The two-headed ogre is almost dead.
Your shield and plate armour prevent you from hitting the two-headed ogre.
The two-headed ogre is almost dead.
The two-headed ogre hits you with a giant spiked club!!
* * * LOW HITPOINT WARNING * * *
The two-headed ogre barely misses you.
Okay, then.
Unknown command.
Unknown command.
Unknown command.
Unknown command.
You hit the two-headed ogre but do no damage.
The two-headed ogre is almost dead.
You closely miss the two-headed ogre.
The two-headed ogre is almost dead.
The adder bites the plant but does no damage.
The two-headed ogre hits you with a giant spiked club!!
You die...

.#### # ######...... #.
#$..........
##.##........... .
.....?........ #)
#............
#.##............
#..#............ {
#♣P≈S.#)#.......
#≈PPOP#)#.......
#♣♣.@.#(#.....♣
#>..###..# #..#####.# ♣
.. ##.......(##...≈
.##.####.............≈.P
....................#♣♣♣
........#.........#....
.........................
............##.###.######
...............# .###
...............## ...#


You could see a two-headed ogre and an adder.

Vanquished Creatures
  Pikel (D:7)
  A gargoyle (D:6)
  A hippogriff (D:7)
  Sigmund (D:2)
  2 steam dragons
  Menkaure (D:7)
  3 water moccasins
  Purgy (Sewer)
  An orc warrior (D:7)
  A black bear (D:6)
  2 ogres
  2 centaurs (D:5)
  3 bullfrogs
  A wyvern skeleton (D:7)
  3 scorpions
  2 howler monkeys (D:6)
  2 crimson imps
  A centaur zombie (D:6)
  4 hounds
  3 orc priests (D:6)
  A centaur skeleton (D:7)
  4 iguanas
  Jessica (D:3)
  2 orc wizards
  5 worker ants
  3 hound zombies
  A hound skeleton (D:6)
  Robin (D:2)
  16 gnolls
  15 adders
  A shadow imp (D:6)
  3 oozes
  A worm (D:4)
  6 leopard geckos
  21 orcs
  9 giant cockroaches
  13 goblins
  12 hobgoblins
  16 jackals
  A quokka (D:3)
  9 bats
  5 frilled lizards
  2 gnoll zombies (D:6)
  A jackal zombie (D:7)
  9 kobolds
  A leopard gecko skeleton (D:5)
  A quokka skeleton (D:7)
  6 rats
202 creatures vanquished.

Vanquished Creatures (others)
  A slave (D:7)
  A bullfrog (D:7)
  A jelly (D:7)
3 creatures vanquished.

Grand Total: 205 creatures vanquished

Notes
Turn   | Place    | Note
-------+----------+-------------------------------------------
     0 | D:1      | Moorlo the Formicid Fighter began the quest for the Orb.
     0 | D:1      | Reached XP level 1. HP: 18/18 MP: 1/1
   318 | D:1      | Reached XP level 2. HP: 22/24 MP: 2/2
   729 | D:2      | Reached skill level 3 in Staves
   729 | D:2      | Reached XP level 3. HP: 14/30 MP: 3/3
   990 | D:2      | Reached XP level 4. HP: 35/37 MP: 4/4
   999 | D:2      | Noticed Sigmund
  1024 | D:2      | Killed Sigmund
  1024 | D:2      | Reached skill level 5 in Staves
  1024 | D:2      | Reached XP level 5. HP: 32/43 MP: 5/5
  1024 | D:2      | Reached XP level 6. HP: 38/50 MP: 6/6
  1159 | D:2      | Reached skill level 5 in Fighting
  1343 | D:2      | Noticed Robin
  1353 | D:2      | Killed Robin
  1721 | D:2      | Found a radiant altar of Vehumet.
  1868 | D:3      | Found a glowing drain.
  1872 | Sewer    | Entered a sewer
  1875 | Sewer    | Noticed Purgy
  1885 | Sewer    | Killed Purgy
  1885 | Sewer    | Reached skill level 6 in Staves
  1885 | Sewer    | Reached XP level 7. HP: 38/56 MP: 7/7
  2127 | D:3      | Noticed Jessica
  2131 | D:3      | Killed Jessica
  2200 | D:3      | Found a glowing golden altar of the Shining One.
  2366 | D:3      | Found a blossoming altar of Fedhas.
  2666 | D:3      | Found a faded altar of an unknown god.
  3321 | D:4      | Reached skill level 7 in Staves
  3321 | D:4      | Reached XP level 8. HP: 64/64 MP: 8/8
  3747 | D:5      | Entered Level 5 of the Dungeon
  3850 | D:5      | Found a sparkling altar of Nemelex Xobeh.
  3963 | D:5      | Reached skill level 8 in Staves
  3968 | D:5      | Found Fajarr's Gadget Shop.
  4430 | D:6      | Noticed a gargoyle
  4703 | D:5      | Reached XP level 9. HP: 35/72 MP: 9/9
  5015 | D:6      | Reached skill level 9 in Staves
  5503 | D:6      | Found a stormy altar of Qazlal.
  5526 | D:6      | Killed a gargoyle
  5526 | D:6      | Reached skill level 10 in Staves
  5590 | D:6      | Found a burning altar of Makhleb.
  5706 | D:6      | Found a basalt altar of Yredelemnul.
  6280 | D:7      | Noticed Pikel
  6297 | D:7      | Killed Pikel
  6297 | D:7      | Reached skill level 11 in Staves
  6297 | D:7      | Reached XP level 10. HP: 44/83 MP: 10/10
  6510 | D:7      | Found a staircase to the Ecumenical Temple.
  6530 | Temple   | Entered the Ecumenical Temple
  6694 | Temple   | Became a worshipper of Warmaster Okawaru
  6727 | D:7      | Noticed Menkaure
  6738 | D:7      | Killed Menkaure
  7409 | D:8      | Reached * piety under Okawaru
  7516 | D:8      | Noticed a two-headed ogre
  7536 | D:8      | Mangled by a two-headed ogre

Vault maps used:
D:1:      lemuel_arrival_broad_hall
D:2:      vehumet_crystals, uniq_robin, uniq_sigmund
D:3:      fedhas_altar_3, tso_metal_star, gup_sewer_entry_bowl,
          chequers_ecumenical_altar_twisty, uniq_jessica
D:4:      lemuel_upstairs_altar
D:5:      kennysheep_steamy, nemelex_xobeh_ov_fountains_minmay, first_ration,
          serial_shops, nicolae_shop_stone, grunt_ministairs_1
D:6:      lemuel_round_altar, lemuel_zombie_altar_yredelemnul, basic_altar,
          serial_curves, eino_curves_04, eino_curves_04
D:7:      minmay_temple_entry_hall, uniq_menkaure, uniq_pikel
D:8:      serial_bayou, serial_bayou_crossing, serial_bayou_shore_a,
          serial_bayou_lake_a, serial_bayou_pond_e, uniq_erica, uniq_joseph
Temple:   eino_temple_rhombus
Sewer:    kennysheep_door_sewer

Skill      XL: |  1  2  3  4  5  6  7  8  9 |
---------------+----------------------------+-----
Staves         | 3 5 6 7 8 11 | 11.8
Fighting       | 4 5 6 7 9 |  9.7
Armour         | |  3.2
Shields        | |  3.6

Action                   |  1- 3 |  4- 6 |  7- 9 | 10-12 || total
-------------------------+-------+-------+-------+-------++-------
Melee: Quarterstaff      |    90 |   158 |   417 |   117 ||   782
 Abil: Dig               |       |       |     1 |       ||     1
  Use: Potion            |       |     1 |     3 |     1 ||     5
       Scroll            |       |     3 |     3 |       ||     6
  Eat: Chunk             |       |     3 |    12 |     4 ||    19
       Ration            |       |       |     1 |       ||     1
Armor: Scale mail        |    27 |    59 |   135 |       ||   221
       Plate armour      |       |       |     4 |    45 ||    49
Dodge: Dodged            |    21 |    60 |   114 |    21 ||   216
Block: Shield            |    41 |    94 |   151 |    42 ||   328

Table legend:
 A = Spawn XP
 B = Non-spawn XP
 C = Spawn XP percentage of total XP
 D = Spawn monster count
 E = Non-spawn monster count
 F = Spawn count percentage of total count
 G = Total turns spent on level
                    A         B        C        D         E        F      G
               +---------+---------+-------+---------+---------+-------+---------
         Total |       0 |    5727 |   0.0 |       0 |     202 |   0.0 |  7536
               +---------+---------+-------+---------+---------+-------+---------
           D:1 |       0 |      18 |   0.0 |       0 |      12 |   0.0 |   714
           D:2 |       0 |     437 |   0.0 |       0 |      57 |   0.0 |  1057
           D:3 |       0 |     161 |   0.0 |       0 |      31 |   0.0 |   871
           D:4 |       0 |     417 |   0.0 |       0 |      13 |   0.0 |   998
           D:5 |       0 |     815 |   0.0 |       0 |      15 |   0.0 |  1248
           D:6 |       0 |    1510 |   0.0 |       0 |      35 |   0.0 |   912
           D:7 |       0 |    1964 |   0.0 |       0 |      26 |   0.0 |  1165
           D:8 |       0 |     237 |   0.0 |       0 |       7 |   0.0 |   151
         Sewer |       0 |     168 |   0.0 |       0 |       6 |   0.0 |   245
               +---------+---------+-------+---------+---------+-------+---------
